 Dungeon Crawl Stone Soup version 0.28.0-1-gb440e238dd (webtiles) character file.

Game seed: 8522107507671681895

36 graymark the Insei (level 3, -4/23 HPs)
             Began as an Octopode Transmuter on Feb 22, 2022.
             Slain by an orc priest (5 damage)
             ... on level 2 of the Dungeon.
             The game lasted 00:01:39 (678 turns).

graymark the Insei (Octopode Transmuter)             Turns: 678, Time: 00:01:40

Health: -4/23      AC:  1    Str:  9    XL:     3   Next: 37%
Magic:  6/6        EV: 13    Int: 15    God:
Gold:   66         SH:  0    Dex: 14    Spells: 5/6 levels left

rFire   . . .      SeeInvis .     - Unarmed
rCold   . . .      Faith    .   (no shield)
rNeg    . . .      Spirit   .   (helmet restricted)
rPois   .          Reflect  .   (no amulet)
rElec   .          Harm     .   (no ring)
rCorr   .          Rampage  .   (no ring)
Will    .....                   (no ring)
Stlth   ++........              (no ring)
HPRegen 0.07/turn               (no ring)
MPRegen 0.10/turn               (no ring)
                                (no ring)
                                (no ring)

@: no status effects
A: almost no armour, amphibious, 8 rings, camouflage 1, gelatinous body 1,
(nimble swimmer 1), tentacles
a: no special abilities


You were on level 2 of the Dungeon.
You visited 1 branch of the dungeon, and saw 2 of its levels.

You collected 66 gold pieces.

Inventory:

Hand Weapons
 c - a +0 hunting sling
Missiles
 b - 30 stones
 d - 6 boomerangs
Jewellery
 f - a ring of ice
Scrolls
 a - a scroll of identify {unknown}
Potions
 e - a potion of attraction {unknown}


   Skills:
 + Level 1.6 Fighting
 + Level 2.4 Dodging
 + Level 3.3 Unarmed Combat
 + Level 2.3 Spellcasting
 + Level 2.3 Transmutations


You had 5 spell levels left.
You knew the following spells:

 Your Spells              Type           Power      Damage    Failure   Level
a - Beastly Appendage     Tmut           16%        N/A       9%          1

Your spell library contained the following spells:

 Spells                   Type           Power      Damage    Failure   Level
 Wereblood                Tmut           8%         N/A       12%         2
 Spider Form              Tmut/Pois      5%         N/A       36%         3
 Call Canine Familiar     Summ           1%         N/A       54%         3
 Portal Projectile        Hex/Tloc       2%         N/A       54%         3
 Ice Form                 Ice/Tmut       5%         N/A       78%         4
 Leda's Liquefaction      Hex/Erth       0%         N/A       91%         4


Dungeon Overview and Level Annotations

Branches:
Dungeon (2/15)

Altars:


Innate Abilities, Weirdness & Mutations

You cannot wear most types of armour.
You are amphibious.
You can wear up to eight rings at the same time.
Your skin changes colour to match your surroundings (Stealth+).
Your rubbery body absorbs attacks. (AC +1, EV +1)
((You are camouflaged when in or above water. (Stealth+)))
You have tentacles for arms and can constrict up to eight enemies at once.


Message History

No target in view!
No target in view!
You start resting.
HP restored.
An orc and an orc priest come into view.
Things that are here:
a +0 club; a boomerang The orc priest shouts!
You hear a shout!
An orc wizard comes into view.
It is wielding a +1 dagger of electrocution.
You tentacle-slap the orc wizard but do no damage.
You grab the orc wizard. You constrict the orc wizard.
You tentacle-slap the orc wizard. You squeeze the orc wizard!
The orc wizard is almost dead.
You constrict the orc wizard, but do no damage.
The orc wizard barely misses you.
You tentacle-slap the orc wizard.
You kill the orc wizard!
You have reached level 3!
Your experience leads to an increase in your attributes!
Increase (S)trength, (I)ntelligence, or (D)exterity?
You feel agile. x2
You tentacle-slap the orc.
You kill the orc!
You tentacle-slap the orc priest. You grab the orc priest.
The orc priest is moderately wounded.
You constrict the orc priest, but do no damage.
The orc priest invokes the aid of Beogh against you.
Beogh smites you!
You tentacle-slap the orc priest but do no damage.
The orc priest is moderately wounded.
You constrict the orc priest, but do no damage.
The orc priest calls down the wrath of Beogh upon you.
Beogh smites you!
* * * LOW HITPOINT WARNING * * *
You are too injured to fight recklessly!
You tentacle-slap the orc priest but do no damage.
The orc priest is moderately wounded.
You constrict the orc priest, but do no damage.
The orc priest hits you with a +0 hand axe.
You die...

###########
#.)..<....#
#@#.......#
#o#########
#.. #.##
#+#


You could see an orc priest.

Vanquished Creatures
  An orc wizard (D:2)
  2 orcs (D:2)
  2 bats (D:1)
  A giant cockroach (D:1)
  3 ball pythons (D:1)
  2 kobolds (D:1)
11 creatures vanquished.

Notes
Turn   | Place    | Note
-------+----------+-------------------------------------------
     0 | D:1      | graymark the Octopode Transmuter began the quest for the
                  | Orb.
     0 | D:1      | Reached XP level 1. HP: 13/13 MP: 3/3
   420 | D:1      | Reached XP level 2. HP: 18/18 MP: 5/5
   675 | D:2      | Reached XP level 3. HP: 23/23 MP: 6/6
   677 | D:2      | HP: 1/23 [orc priest/divine providence (11)]
   678 | D:2      | Slain by an orc priest

Illustrated notes

Levels and vault maps discovered:
D:1:      co_arrival_square_in_a_square_in_a_square, layout_loops_ring,
          minmay_tetromino_t4
D:2:      layout_basic, serial_shops, nicolae_shop_hallway_plus, basic_altar,
          minmay_misc_feat_chi

Action                   || total
-------------------------++-------
Melee: Unarmed           ||    25
       Constrict         ||     8
       Tentacles         ||     6
 Cast: Beastly Appendage ||     1
 Stab: Sleeping          ||     4
Armor: Skin              ||     1
Dodge: Dodged            ||    15
